AoeStats
← john.civildem

MegaRandom

509269172Analyzed
4v4 RM · 8d ago on Sep 26, 2026· 42m 47s· 8 players
Game mode
Random Map
Map size
Large (8 player)
Population
200
Speed
Normal
Resources
Standard
Victory
Conquest
Starting age
Dark Age
Ending age
Imperial Age
RankedLock teamsTeams togetherTeam positionsShared explorationLock speedFull tech treeHidden civsTurbo modeCheats
Victory
Defeat
🇨🇳 Burgundians · China
845
+13
🇺🇸 Japanese · United States
827
+14
🇨🇱 Vikings · Chile
812
+14
🇨🇳 Wu · China
661
+20
🇪🇨 Maya · Ecuador
872
-19
🇺🇸 Persians · United States
742
-14
🇪🇨 Byzantines · Ecuador
738
-14
🇪🇨 Britons · Ecuador
728
-14
sebchenko34
2:22 Loom
10:09 Feudal Age
11:16 Double-Bit Axe
13:21 Horse Collar
19:23 Castle Age
17:43 Gold Mining
20:45 Wheelbarrow
20:22 Bow Saw
22:02 Eagle Warrior
27:48 Stone Mining
28:04 Heavy Plow
29:17 Hand Cart
29:24 Fletching
29:45 Forging
29:26 Pikeman
30:06 Squires
31:09 Bodkin Arrow
39:09 Imperial Age
39:12 Elite Plumed Archer
41:04 Conscription
42:29 Chemistry
41:49 Ballistics
41:55 Onager
D4RKK
2:07 Loom
10:04 Feudal Age
11:18 Wheelbarrow
11:06 Double-Bit Axe
12:06 Fishing Lines
12:12 Horse Collar
15:51 Stone Mining
23:33 Castle Age
26:01 Gillnets
26:45 Kamandaran
29:39 Imperial Age
29:54 Imperial Age
27:04 Pikeman
27:46 Squires
27:53 Scale Barding Armor
27:50 Padded Archer Armor
28:20 Bow Saw
31:23 Leather Archer Armor
31:21 Bloodlines
31:29 Cavalier
32:15 Halberdier
38:08 Husbandry
40:14 Heavy Plow
39:38 Savar
KAISER962605
5:51 Loom
11:23 Feudal Age
12:24 Gold Mining
13:44 Double-Bit Axe
22:52 Castle Age
22:08 Stone Mining
22:56 Fishing Lines
25:01 Gold Shaft Mining
25:31 Fletching
25:42 Padded Archer Armor
33:30 Ballistics
34:46 Bodkin Arrow
35:07 Leather Archer Armor
37:50 Yeomen
40:08 Imperial Age
39:38 Fortified Wall
john.civildem
4:21 Loom
12:25 Feudal Age
15:09 Wheelbarrow
16:04 Scale Barding Armor
16:00 Scale Mail Armor
16:20 Gold Mining
16:21 Stone Mining
18:54 Double-Bit Axe
22:05 Horse Collar
28:27 Castle Age
30:19 Fishing Lines
31:03 Chain Barding Armor
30:59 Chain Mail Armor
30:48 Husbandry
30:09 Light Cavalry
33:14 Heavy Plow
34:47 Gillnets
E10byducks
7:18 Loom
10:35 Feudal Age
14:42 Double-Bit Axe
19:40 Castle Age
18:28 Gold Mining
22:21 Stone Mining
23:07 Bow Saw
23:16 Fletching
24:58 Pikeman
25:38 Squires
25:39 Bodkin Arrow
25:44 Scale Mail Armor
25:55 Forging
25:36 Fishing Lines
27:14 Gillnets
27:39 Medium Warships
30:03 Wheelbarrow
31:13 Chain Mail Armor
31:34 Iron Casting
32:57 Gold Shaft Mining
38:35 Imperial Age
36:23 Hand Cart
37:05 Ballistics
36:36 Guard Tower
36:42 Murder Holes
41:05 Bracer
41:35 Plate Mail Armor
42:06 Blast Furnace
42:44 Conscription
Sonigtzen
8:34 Feudal Age
6:49 Loom
9:01 Double-Bit Axe
10:40 Horse Collar
11:14 Loom
13:09 Gold Mining
18:52 Castle Age
17:45 Scale Mail Armor
18:26 Stone Mining
20:17 Heavy Plow
20:29 Bow Saw
20:56 Gold Mining
22:14 Chain Mail Armor
23:33 Gold Shaft Mining
26:27 Squires
26:58 Forging
28:22 Chieftains
28:15 Arson
37:16 Imperial Age
38:10 Iron Casting
37:18 Heavy Scorpion
39:13 Elite Berserk
41:06 Block Printing
中国人万岁
7:04 Double-Bit Axe
11:44 Feudal Age
12:25 Feudal Age
11:36 Stone Mining
11:37 Gold Mining
12:02 Horse Collar
13:38 Heavy Plow
16:14 Bow Saw
19:06 Loom
21:44 Castle Age
19:33 Loom
24:25 Crop Rotation
25:00 Two-Man Saw
23:51 Loom
24:44 Wheelbarrow
26:26 Burgundian Vineyards
28:04 Hand Cart
27:36 Town Watch
31:52 Imperial Age
30:54 Husbandry
31:00 Town Patrol
31:13 Forging
31:09 Scale Barding Armor
30:55 Fletching
32:43 Iron Casting
33:00 Chain Barding Armor
33:15 Conscription
33:55 Town Patrol
33:55 Bodkin Arrow
33:25 Elite Coustillier
34:55 Ballistics
34:47 Masonry
34:22 Treadmill Crane
34:53 Masonry
35:04 Ballistics
35:45 Chemistry
34:41 Murder Holes
36:21 Blast Furnace
36:50 Plate Barding Armor
36:59 Architecture
37:45 Bracer
刺猬
0:33 Loom
12:08 Feudal Age
12:34 Double-Bit Axe
13:29 Wheelbarrow
15:34 Horse Collar
21:10 Castle Age
20:15 Stone Mining
20:17 Gold Mining
22:02 Bow Saw
23:31 Heavy Plow
26:16 Stone Shaft Mining
26:47 Treadmill Crane
27:05 Murder Holes
27:57 Ballistics
31:05 Caravan
33:29 Red Cliffs Tactics
34:54 Gold Shaft Mining
34:49 Fletching
35:17 Masonry
38:53 Imperial Age
37:56 Hand Cart
39:39 Bodkin Arrow
39:47 Padded Archer Armor
39:58 Forging
39:48 Scale Mail Armor
39:54 Scale Barding Armor
40:11 Conscription
39:52 Sitting Tiger
40:43 Bracer
41:46 Chemistry
40:46 Arson
41:02 Squires
42:03 Elite Fire Archer
Connection lost

Rejoining the realm…

Still unreachable

The connection could not be restored.

Session expired

The server has moved on; the page needs a fresh start.